 Dungeon Crawl Stone Soup version 0.22-a0-322-g60b3cfd (webtiles) character file.

379403 xccam the Severer (level 23, -4/191 HPs)
             Began as a Formicid Fighter on Apr 2, 2018.
             Was a High Priest of Cheibriados.
             Slain by an azure jelly (29 damage)
             ... created by the Royal Jelly
             ... on level 5 of the Pits of Slime.
             The game lasted 01:59:43 (44135 turns).

xccam the Severer (Formicid Fighter)               Turns: 44135, Time: 01:59:46

Health: -4/191     AC: 12    Str: 40    XL:     23   Next: 92%
Magic:  5/33       EV: 20    Int: 22    God:    Cheibriados [*****.]
Gold:   2909       SH: 29    Dex: 17    Spells: 22/22 levels left

rFire    + . .     SeeInvis +   A - +2 battleaxe (elec)
rCold    . . .     Gourm    .   n - +0 large shield
rNeg     + . .     Faith    .   V - +5 plate armour "Himnocoh" {rElec rPois rN+ Dex-4}
rPois    +         Spirit   .   (helmet unavailable)
rElec    +         Reflect  +   R - scarf {repulsion}
rCorr    +         Harm     .   Z - +1 pair of gloves
MR       ++...     Clarity  +   s - +2 pair of boots
Stlth    ..........             J - amulet "Yliut" {Reflect SH+4 Stlth+}
HPRegen  0.41/turn              r - ring of resist corrosion
MPRegen  0.23/turn              W - ring of protection from fire

@: corroded, repel missiles, very slow
A: permanent stasis, dig shafts and tunnels, four strong arms, antennae 3, fangs
1, blurry vision 1, clarity, clumsy 1, deformed body, mutation resistance 1,
screaming 2
}: 2/15 runes: decaying, serpentine
a: Dig, Shaft Self, Bend Time, Temporal Distortion, Slouch, Step From Time,
Renounce Religion


You were on level 5 of the Pits of Slime.
You worshipped Cheibriados.
Cheibriados was extremely pleased with you.
You were not hungry.

You visited 7 branches of the dungeon, and saw 40 of its levels.

You collected 3789 gold pieces.
You spent 880 gold pieces at shops.

Inventory:

Hand Weapons
 A - a +2 battleaxe of electrocution (weapon)
Armour
 a - +0 ice dragon scales
 l - a +0 plate armour of cold resistance
 n - a +0 large shield (worn)
 s - a +2 pair of boots (worn)
 R - a scarf of repulsion (worn)
 V - the +5 plate armour "Himnocoh" (worn) {rElec rPois rN+ Dex-4}
   (You bought it in a shop on level 2 of the Orcish Mines)

   It affects your dexterity (-4).
   It insulates you from electricity.
   It protects you from poison.
   It protects you from negative energy.
 Z - a +1 pair of gloves (worn)
Jewellery
 r - a ring of resist corrosion (left hand)
 t - an uncursed ring of ice
 w - an uncursed ring of positive energy
 J - the amulet "Yliut" (around neck) {Reflect SH+4 Stlth+}
   (You acquired it on level 2 of the Vaults)

   [amulet of reflection]

   It shields you and reflects attacks.
   It affects your SH (+4).
   It makes you more stealthy.
 L - an uncursed ring of protection from fire
 W - a ring of protection from fire (right hand)
Wands
 x - a wand of clouds (5)
 y - a wand of iceblast (5)
 N - a wand of scattershot (2)
 T - a wand of disintegration (2)
Scrolls
 h - 9 scrolls of remove curse
 j - 6 scrolls of immolation
 m - 6 scrolls of amnesia
 o - 8 scrolls of enchant armour
 q - 6 scrolls of magic mapping
 v - a scroll of fog
 D - 4 scrolls of identify
 F - 8 scrolls of enchant weapon
 S - a scroll of torment {unknown}
 U - 6 scrolls of fear
Potions
 d - 2 potions of mutation
 e - a potion of agility
 g - 2 potions of cancellation
 i - 2 potions of brilliance
 p - 5 potions of resistance
 u - a potion of lignification
 z - 6 potions of might
 G - 6 potions of curing
 H - 4 potions of ambrosia
 Q - 6 potions of magic
Comestibles
 f - 42 rations


   Skills:
 + Level 18.3 Fighting
 - Level 20.0 Axes
 + Level 18.3 Armour
 + Level 15.6 Dodging
 + Level 16.6 Shields
 - Level 13.5 Invocations


You had 22 spell levels left.
You didn't know any spells.

Dungeon Overview and Level Annotations

Branches:
Dungeon (15/15)            Temple (0/1) D:4            Lair (6/6) D:8
  Swamp (4/4) Lair:4        Snake (4/4) Lair:3        Slime (5/5) Lair:6
    Orc (2/2) D:11            Elf (0/3) Orc:2        Vaults (4/5) D:13
  Crypt (0/3) Vaults:3     Depths (0/5) D:15

Altars:
Cheibriados
Dithmenos
Hepliaklqana
Kikubaaqudgha
Ru
Trog
Uskayaw
Vehumet
Wu Jian
Xom
Yredelemnul
The Shining One
Beogh
Jiyva

Shops:
D:4 ?   D:11 [   Orc:2 [:[!   Snake:1 [   Snake:3 (}=}=[}


Innate Abilities, Weirdness & Mutations

You cannot be hasted, slowed, berserked, paralysed or teleported.
You can dig through walls and to a lower floor.
Your four strong arms can wield two-handed weapons with a shield.
You have a pair of large antennae on your head. (SInv)
You have very sharp teeth.
Scrolls take you a little longer to read.
You possess an exceptional clarity of mind.
You are clumsy. (Dex -2)
Armour fits poorly on your strangely shaped body.
You are somewhat resistant to further mutation.
You sometimes yell uncontrollably at your foes.


Message History

The slime creature is heavily wounded.
The slime creature closely misses you.
You hit the slime creature.
The slime creature is heavily wounded.
You block the slime creature's attack.
You hit the slime creature but do no damage.
Lightning courses through the slime creature!
You bite the slime creature!
The slime creature is almost dead.
You slash the slime creature!
Lightning courses through the slime creature!
You kill the slime creature!
Cheibriados appreciates the change of pace.
You hit the azure jelly but do no damage.
You bite the azure jelly, but do no damage.
The azure jelly is severely wounded.
You block the azure jelly's attack. The azure jelly hits you.
* * * LOW HITPOINT WARNING * * *
The azure jelly freezes you!!
You die...

.................................
.................................
.................................
.................................
.................................
.................................
............##.#...#.............
...........#####.#####...........
..........## #@.# ##..........
.........## ##J# ##.........
........## #..# ##........
........##=|φ:$J...::}|(##.......
.......###[$)}......$)() ##......
........###:).).J..=.?%# #.......
........# ##..........####.......
......... #............#.........
.......# ............... #.......


You could see an azure jelly.

Vanquished Creatures
  the Royal Jelly (Slime:5)
  Mara (Vaults:3)
  Vashnia (Snake:4)
  Nikola (Swamp:4)
  2 liches
  Jorgrun (Swamp:4)
  Asterion (Vaults:1)
  23 acid blobs
  4 thorn hunters
  Agnes (D:14)
  A sphinx (Vaults:3)
  Kirke (Lair:6)
  A storm dragon (Vaults:1)
  The ghost of EvilAshe the Spry, an adept HaHu of Okawaru (Swamp:4)
  Donald (Swamp:2)
  8 azure jellies
  7 nagarajas
  A tengu reaver (Vaults:3)
  A fire giant (Vaults:4)
  A frost giant (Vaults:4)
  Louise (Swamp:4)
  7 vault wardens
  A deep elf sorcerer (Vaults:1)
  8 ironheart preservers
  Nessos (Lair:6)
  4 stone giants
  3 deep elf demonologists
  A deep elf annihilator (Vaults:3)
  The ghost of Armakuni the Fighter, a journeyman DgWn (Lair:1)
  An ettin (Vaults:4)
  8 death oozes (Slime:5)
  Erolcha (Orc:1)
  8 yaktaur captains
  Fannar (D:10)
  Josephine (D:12)
  5 great orbs of eyes
  A rakshasa (Vaults:3)
  17 naga warriors
  11 anacondas
  21 hydras
  5 ice dragons
  5 centaur warriors
  A death knight (Vaults:1)
  2 ghost crabs (Swamp:3)
  50 two-headed ogres
  9 alligators
  7 death yaks
  14 ogre magi
  A shock serpent (shapeshifter) (Vaults:4)
  5 tengu warriors
  A titan zombie (Vaults:4)
  7 shock serpents
  A deep troll earth mage (Vaults:3)
  Urug (D:11)
  5 orc high priests (Orc:2)
  15 naga sharpshooters
  8 deep elf knights
  Nergalle (Lair:4)
  A shadow wraith (Vaults:1)
  A spriggan druid (Swamp:4)
  3 salamander mystics
  9 deep trolls
  2 sea snakes (Snake:3)
  10 skeletal warriors
  11 swamp dragons
  A glowing orange brain (Slime:2)
  2 unseen horrors (shapeshifter)
  4 unseen horrors
  2 wizards (Vaults:3)
  6 deep elf archers
  9 naga ritualists
  2 lindwurms (Lair:6)
  Pikel (D:7)
  2 shambling mangroves (Swamp:4)
  A phantasmal warrior (Vaults:4)
  15 mana vipers
  4 harpies
  5 necromancers
  10 orc knights
  10 ironbrand convokers
  16 deep elf magi
  An oklob plant (Lair:2)
  A frost giant zombie (Vaults:2)
  A wolf spider zombie (D:15)
  7 wolf spiders
  2 manticores (D:12)
  A tengu skeleton (Vaults:3)
  5 salamanders
  7 cyclopes
  34 ugly things
  A fire giant zombie (Vaults:4)
  10 shining eyes
  8 elephants (Lair:6)
  A human skeleton (Vaults:4)
  Maurice (Orc:1)
  A frost giant skeleton (Vaults:2)
  16 naga magi
  Joseph (D:8)
  45 black mambas
  7 torpor snails
  2 eyes of devastation
  An eye of devastation (shapeshifter) (Vaults:1)
  A molten gargoyle (Lair:1)
  19 vault sentinels
  2 spiny frogs (shapeshifter)
  4 gargoyles
  9 guardian serpents
  The ghost of xccam the Chopper, a novice FoFi (D:4)
  13 komodo dragons
  A yaktaur zombie (Vaults:4)
  2 human zombies (Vaults:2)
  A komodo dragon (shapeshifter) (Vaults:1)
  15 spiny frogs
  3 rime drakes
  24 yaktaurs
  A yaktaur skeleton (Vaults:3)
  A kobold demonologist (D:12)
  An efreet (D:14)
  6 freezing wraiths
  6 trolls
  A troll (shapeshifter) (Vaults:1)
  2 tengu conjurers (Vaults:3)
  18 hornets
  A sphinx simulacrum (Vaults:4)
  2 polar bears
  13 blink frogs
  11 tyrant leeches
  10 bog bodies
  An ettin zombie (Vaults:2)
  10 dream sheep
  120 slime creatures
  A fire giant simulacrum (Vaults:2)
  A frost giant simulacrum (Vaults:3)
  5 hippogriffs
  Sigmund (D:6)
  5 shadows
  The ghost of Amnesiac the Zephyrmancer, an amateur TeAE of Sif Muna (D:5)
  2 vampires
  4 spriggans
  5 wyverns
  41 yaks
  4 hogs (Lair:6)
  A human (shapeshifter) (Vaults:2)
  5 wraiths
  3 basilisks
  5 golden eyes (Slime:2)
  A hungry ghost (D:6)
  A yaktaur simulacrum (Vaults:4)
  A swamp worm (shapeshifter) (Vaults:3)
  18 vampire mosquitoes
  The ghost of sankara the Ruffian, an amateur BaTm of Okawaru (D:3)
  10 wargs
  8 insubstantial wisps
  Edmund (D:6)
  63 nagas
  2 soldier ants
  3 acid dragons
  19 swamp worms
  8 water moccasins
  12 swamp drakes
  8 porcupines
  A black bear (shapeshifter) (Vaults:2)
  3 black bears
  An ice beast (D:6)
  A phantom (D:7)
  33 orc warriors
  A hornet zombie (D:8)
  42 ogres
  5 eyes of draining
  4 sky beasts
  A necrophage (D:12)
  A wolf (Lair:6)
  9 boggarts
  23 centaurs
  An elf skeleton (Vaults:4)
  12 crocodiles
  2 big kobolds
  17 bullfrogs
  4 scorpions
  12 killer bees
  3 human simulacra
  3 electric eels
  17 wights
  3 howler monkeys
  7 crimson imps
  5 centaur zombies
  2 hounds
  4 jellies
  Crazy Yiuf (D:2)
  7 centaur skeletons
  A gnoll shaman (D:6)
  2 quasits (D:15)
  58 orc priests
  2 bullfrog skeletons
  Ijyb (D:4)
  Terence (D:2)
  Natasha (thrice) (D:2)
  11 iguanas
  25 orc wizards
  4 hell rats (Lair:3)
  12 worker ants
  A hound zombie (D:10)
  A howler monkey zombie (D:5)
  7 adders
  8 gnolls (D:6)
  A howler monkey skeleton (D:4)
  A shadow imp (D:12)
  3 oozes
  An adder zombie (D:9)
  4 adder skeletons
  2 worms
  5 dart slugs
  8 leopard geckos
  132 orcs
  8 bats
  3 giant cockroaches
  10 goblins
  5 hobgoblins
  14 jackals
  22 kobolds
  3 quokkas
  2 ball pythons
  A ball python zombie (D:5)
  8 frilled lizards
  A jackal zombie (D:6)
  A leopard gecko skeleton (D:6)
  A quokka zombie (D:6)
  10 rats
  4 briar patches (Swamp:3)
  5 fungi
  8 plants
1743 creatures vanquished.

Vanquished Creatures (others)
  A yaktaur captain (Vaults:3)
  An unseen horror (D:11)
  A harpy (Vaults:3)
  A torpor snail (Lair:6)
  4 yaktaurs
  2 humans (Lair:6)
  A slave (D:7)
  A centaur (Vaults:3)
  A quasit (D:7)
  2 orcs
  3 kobolds (D:7)
  2 briar patches
  18 fungi
  26 plants
64 creatures vanquished.

Grand Total: 1807 creatures vanquished

Notes
Turn   | Place    | Note
-------+----------+-------------------------------------------
     0 | D:1      | xccam the Formicid Fighter began the quest for the Orb.
     0 | D:1      | Reached XP level 1. HP: 18/18 MP: 1/1
   143 | D:1      | Reached XP level 2. HP: 23/24 MP: 2/2
   178 | D:1      | Reached skill level 3 in Axes
   250 | D:1      | Reached XP level 3. HP: 16/29 MP: 3/3
   762 | D:2      | Found a bloodstained altar of Trog.
   772 | D:2      | Noticed Terence
   778 | D:2      | Killed Terence
   778 | D:2      | Reached skill level 4 in Axes
   778 | D:2      | Reached XP level 4. HP: 32/35 MP: 4/4
   999 | D:2      | Found a runed door.
  1068 | D:2      | Noticed Natasha
  1070 | D:2      | Killed Natasha
  1070 | D:2      | Reached XP level 5. HP: 41/41 MP: 5/5
  1072 | D:2      | Found a shadowy altar of Dithmenos.
  1075 | D:2      | Reached skill level 5 in Axes
  1214 | D:2      | Noticed Natasha
  1222 | D:2      | Killed Natasha
  1266 | D:2      | Noticed Natasha
  1273 | D:2      | Killed Natasha
  1588 | D:2      | Noticed Crazy Yiuf
  1593 | D:2      | Killed Crazy Yiuf
  1593 | D:2      | Reached XP level 6. HP: 37/47 MP: 6/6
  1631 | D:3      | Noticed sankara's ghost (amateur BaTm)
  1642 | D:3      | Killed sankara's ghost
  1642 | D:3      | Reached skill level 6 in Axes
  1697 | D:3      | Found a sacrificial altar of Ru.
  1816 | D:3      | Found a glowing golden altar of the Shining One.
  2263 | D:3      | Found a snail-covered altar of Cheibriados.
  2266 | D:3      | Found an ornate altar of the Wu Jian Council.
  2271 | D:3      | Became a worshipper of Cheibriados the Contemplative
  2274 | D:3      | Found a hide-covered altar of Uskayaw.
  2662 | D:4      | Reached skill level 7 in Axes
  2662 | D:4      | Reached XP level 7. HP: 38/52 MP: 7/7
  2726 | D:4      | Found a staircase to the Ecumenical Temple.
  2775 | D:4      | Noticed xccam's ghost (novice FoFi)
  2794 | D:4      | You fall through a shaft for 2 floors!
  2798 | D:6      | Noticed a hippogriff
  3037 | D:6      | Reached skill level 8 in Axes
  3046 | D:6      | Killed a hippogriff
  3046 | D:6      | Reached XP level 8. HP: 24/58 MP: 8/8
  3052 | D:6      | Reached skill level 9 in Axes
  3072 | D:6      | Reached * piety under Cheibriados
  3240 | D:6      | Reached skill level 10 in Axes
  3452 | D:5      | Entered Level 5 of the Dungeon
  3510 | D:5      | Reached ** piety under Cheibriados
  3555 | D:5      | Reached skill level 5 in Shields
  3611 | D:5      | Reached XP level 9. HP: 64/64 MP: 9/9
  3930 | D:5      | Noticed Amnesiac's ghost (amateur TeAE)
  3950 | D:5      | Killed Amnesiac's ghost
  4402 | D:4      | Noticed Ijyb
  4411 | D:4      | Reached *** piety under Cheibriados
  4414 | D:4      | Killed Ijyb
  4638 | D:4      | Found Byogomer's Magic Scroll Shoppe.
  4789 | D:4      | Killed xccam's ghost
  4875 | D:4      | Reached skill level 1 in Invocations
  5432 | D:6      | Reached **** piety under Cheibriados
  5434 | D:6      | Reached skill level 1 in Dodging
  5449 | D:5      | Reached XP level 10. HP: 32/71 MP: 11/11
  5700 | D:6      | Found a hazy altar of Hepliaklqana.
  5710 | D:6      | Noticed Sigmund
  5717 | D:6      | Killed Sigmund
  6005 | D:6      | Noticed Edmund
  6019 | D:6      | Killed Edmund
  6019 | D:6      | Reached skill level 5 in Fighting
  6019 | D:6      | Reached skill level 5 in Armour
  6750 | D:7      | Found a shimmering altar of Xom.
  6778 | D:7      | Reached ***** piety under Cheibriados
  6795 | D:7      | Noticed Pikel
  6808 | D:7      | Killed Pikel
  7265 | D:8      | Noticed Joseph
  7276 | D:8      | Killed Joseph
  7276 | D:8      | Reached skill level 5 in Invocations
  7316 | D:8      | Found a staircase to the Lair.
  7317 | D:8      | Noticed a komodo dragon
  7339 | D:8      | Killed a komodo dragon
  7404 | D:8      | Reached XP level 11. HP: 78/81 MP: 15/15
  7563 | D:8      | Noticed a two-headed ogre
  7577 | D:8      | Killed a two-headed ogre
  7724 | D:8      | Found a roughly hewn altar of Beogh.
  8320 | D:9      | Reached skill level 5 in Dodging
  9052 | D:10     | Entered Level 10 of the Dungeon
  9095 | D:10     | Noticed Fannar
  9135 | D:10     | Killed Fannar
  9786 | D:11     | Found a roughly hewn altar of Beogh.
  9786 | D:11     | Found a staircase to the Orcish Mines.
  9796 | D:11     | Noticed Urug
  9803 | D:11     | Noticed an unseen horror
  9804 | D:11     | Reached ****** piety under Cheibriados
  9807 | D:11     | Killed an unseen horror
  9822 | D:11     | Killed Urug
 10177 | D:11     | Reached XP level 12. HP: 92/92 MP: 17/17
 10211 | D:11     | Found Jepnuga's Armour Boutique.
 10219 | D:11     | Bought a scarf of repulsion for 180 gold pieces
 10238 | D:11     | Found a snail-covered altar of Cheibriados.
 10272 | D:11     | Noticed an unseen horror
 10291 | D:11     | Killed an unseen horror
 10431 | D:11     | Noticed a two-headed ogre
 10434 | D:11     | Killed a two-headed ogre
 10979 | D:12     | Noticed a soul eater
 11139 | D:12     | Noticed a two-headed ogre
 11147 | D:12     | Killed a two-headed ogre
 11185 | D:12     | Noticed a two-headed ogre
 11192 | D:12     | Killed a two-headed ogre
 11289 | D:12     | Noticed Josephine
 11311 | D:12     | Killed Josephine
 11405 | D:12     | Reached skill level 11 in Axes
 11487 | D:12     | Reached XP level 13. HP: 91/101 MP: 20/20
 11736 | Lair:1   | Entered Level 1 of the Lair of Beasts
 12195 | Lair:1   | Reached skill level 12 in Axes
 12219 | Lair:1   | Noticed Armakuni's ghost (journeyman DgWn)
 12232 | Lair:1   | Killed Armakuni's ghost
 13069 | Lair:2   | Reached skill level 13 in Axes
 14240 | Lair:3   | Noticed a five-headed hydra
 14258 | Lair:3   | Killed a five-headed hydra
 14258 | Lair:3   | Reached skill level 14 in Axes
 14817 | Lair:3   | Noticed a six-headed hydra
 14825 | Lair:3   | Killed a ten-headed hydra
 14943 | Lair:3   | Found a staircase to the Snake Pit.
 15180 | Lair:4   | You fall through a shaft for 2 floors!
 15180 | Lair:6   | Entered Level 6 of the Lair of Beasts
 15293 | Lair:6   | Reached XP level 14. HP: 107/108 MP: 21/21
 15634 | Lair:4   | Reached skill level 15 in Axes
 15828 | Lair:4   | Reached skill level 16 in Axes
 16106 | Lair:4   | Noticed Nergalle
 16118 | Lair:4   | Killed Nergalle
 16365 | Lair:4   | Found a staircase to the Swamp.
 17991 | Lair:6   | Noticed Kirke
 17998 | Lair:6   | Killed Kirke
 17998 | Lair:6   | Reached skill level 17 in Axes
 18342 | Lair:6   | Reached XP level 15. HP: 111/113 MP: 22/22
 18610 | Lair:6   | Found a runed door.
 18795 | Lair:6   | Noticed Nessos
 18809 | Lair:6   | Killed Nessos
 18832 | Lair:6   | Found a runed door.
 18832 | Lair:6   | Found a viscous altar of Jiyva.
 18839 | Lair:6   | Found a staircase to the Slime Pits.
 18924 | Lair:6   | Reached skill level 18 in Axes
 20041 | Orc:1    | Entered Level 1 of the Orcish Mines
 20067 | Orc:1    | Noticed Erolcha
 20365 | Orc:1    | Killed Erolcha
 20787 | Orc:1    | Found a bloodstained altar of Trog.
 20787 | Orc:1    | Noticed Maurice
 20793 | Orc:1    | Killed Maurice
 20793 | Orc:1    | Reached skill level 19 in Axes
 20811 | Orc:2    | Entered Level 2 of the Orcish Mines
 21027 | Orc:2    | Found a staircase to the Elven Halls.
 21537 | Orc:2    | Found a roughly hewn altar of Beogh.
 21688 | Orc:2    | Found Ypito's Antique Armour Boutique.
 21688 | Orc:2    | Found Soarghia's Distillery.
 21883 | Orc:2    | Found Bacaes's Antique Armour Boutique.
 21883 | Orc:2    | Found Gusurph's Book Emporium.
 21906 | Orc:2    | Bought a jewelled plate armour for 700 gold pieces
 21916 | Orc:2    | Identified the +5 plate armour "Himnocoh" {rElec rPois rN+ Dex-4} (You bought it in a shop on level 2 of the Orcish Mines)
 22294 | Swamp:1  | Entered Level 1 of the Swamp
 22431 | Swamp:1  | Reached XP level 16. HP: 101/120 MP: 23/23
 22842 | Swamp:1  | Found a sacrificial altar of Ru.
 22870 | Swamp:1  | Reached skill level 20 in Axes
 23589 | Swamp:2  | Noticed a thorn hunter
 23600 | Swamp:2  | Killed a thorn hunter
 23600 | Swamp:2  | Reached skill level 10 in Shields
 23672 | Swamp:2  | Noticed Donald
 23682 | Swamp:2  | Killed Donald
 24046 | Swamp:3  | Noticed a thorn hunter
 24052 | Swamp:3  | Killed a thorn hunter
 24052 | Swamp:3  | Reached skill level 10 in Invocations
 24126 | Swamp:3  | Reached skill level 10 in Armour
 24446 | Swamp:3  | Reached skill level 10 in Fighting
 24734 | Swamp:4  | Entered Level 4 of the Swamp
 24885 | Swamp:4  | Reached XP level 17. HP: 71/129 MP: 24/24
 24945 | Swamp:4  | Noticed Louise
 24962 | Swamp:4  | Noticed a thorn hunter
 24963 | Swamp:4  | Killed Louise
 25147 | Swamp:4  | Noticed a thorn hunter
 25154 | Swamp:4  | Killed a thorn hunter
 25159 | Swamp:4  | Killed a thorn hunter
 25161 | Swamp:4  | Noticed Nikola
 25175 | Swamp:4  | Killed Nikola
 25503 | Swamp:4  | Got a pair of ichor-stained boots
 25514 | Swamp:4  | Identified the cursed +0 pair of boots of the Eternal Fruit {Dex+3} (You found it on level 4 of the Swamp)
 25526 | Swamp:4  | Got a decaying rune of Zot
 25747 | Swamp:4  | Noticed EvilAshe's ghost (adept HaHu)
 25829 | Swamp:4  | Killed EvilAshe's ghost
 25874 | Swamp:4  | Noticed Jorgrun
 25909 | Swamp:4  | Killed Jorgrun
 26499 | Snake:1  | Entered Level 1 of the Snake Pit
 26746 | Snake:1  | Found Peogo's Antique Armour Shoppe.
 27768 | Snake:2  | Reached XP level 18. HP: 138/138 MP: 26/26
 28551 | Snake:3  | Found Icry's Gadget Emporium.
 28687 | Snake:3  | Found Deotoh's Antique Armour Boutique.
 28721 | Snake:3  | Found Beseig's Antique Weapon Emporium.
 28814 | Snake:3  | Found a radiant altar of Vehumet.
 28830 | Snake:3  | Found Conale Aroo's Jewellery Shoppe.
 28830 | Snake:3  | Found Nisyck Tutz's Gadget Shop.
 28831 | Snake:3  | Found Vaetzim's Jewellery Shoppe.
 28864 | Snake:3  | Found Maisor's Gadget Shop.
 29595 | Snake:4  | Entered Level 4 of the Snake Pit
 30441 | Snake:4  | Noticed Vashnia
 30467 | Snake:4  | Killed Vashnia
 30467 | Snake:4  | Reached skill level 10 in Dodging
 30511 | Snake:4  | Reached skill level 15 in Shields
 30511 | Snake:4  | Reached XP level 19. HP: 61/147 MP: 28/28
 31157 | Snake:4  | Got a serpentine rune of Zot
 32122 | D:13     | Found a gate to the Vaults.
 33066 | D:14     | Noticed Agnes
 33086 | D:14     | Killed Agnes
 33397 | D:15     | Entered Level 15 of the Dungeon
 33453 | D:15     | Found a staircase to the Depths.
 33716 | D:15     | Reached XP level 20. HP: 148/158 MP: 30/30
 33983 | D:15     | Found a shimmering altar of Xom.
 34399 | Vaults:1 | Entered Level 1 of the Vaults
 34784 | Vaults:1 | Noticed a Brimstone Fiend
 35274 | Vaults:1 | Noticed Asterion
 35298 | Vaults:1 | Killed Asterion
 35716 | Vaults:1 | Reached skill level 15 in Fighting
 36029 | Vaults:2 | Reached skill level 15 in Armour
 36238 | Vaults:2 | Found a hide-covered altar of Uskayaw.
 36313 | Vaults:2 | Reached XP level 21. HP: 168/168 MP: 31/31
 36533 | Vaults:2 | Identified 2 scrolls of acquirement
 36588 | Vaults:2 | Got a scintillating jade amulet
 36590 | Vaults:2 | Identified the amulet of Ephemeral Luck {Gourm +Fly} (You acquired it on level 2 of the Vaults)
 36592 | Vaults:2 | Got a sparkling emerald amulet
 36595 | Vaults:2 | Identified the amulet "Yliut" {Reflect SH+4 Stlth+} (You acquired it on level 2 of the Vaults)
 37135 | Vaults:3 | Noticed a Tzitzimitl
 37979 | Vaults:3 | Noticed Mara
 37983 | Vaults:3 | Noticed xccam's illusion
 37995 | Vaults:3 | Killed Mara
 37995 | Vaults:3 | Reached XP level 22. HP: 77/179 MP: 0/32
 38396 | Vaults:3 | Found a staircase to the Crypt.
 38396 | Vaults:3 | Found an ancient bone altar of Kikubaaqudgha.
 38397 | Vaults:3 | Found a basalt altar of Yredelemnul.
 38864 | Vaults:3 | Found a radiant altar of Vehumet.
 39016 | Vaults:3 | Found the +0 mask of the Dragon {MR+ Slay+3 SInv}
 41078 | Slime:1  | Entered Level 1 of the Pits of Slime
 41293 | Slime:2  | Gained mutation: You occasionally shout uncontrollably at your foes. [a shining eye]
 41310 | Slime:2  | Gained mutation: Your system is resistant to poisons. (rPois) [a shining eye]
 41315 | Slime:2  | Gained mutation: You are clumsy. (Dex -2) [a shining eye]
 41323 | Slime:2  | Reached XP level 23. HP: 180/188 MP: 14/33
 41849 | Slime:3  | Reached skill level 15 in Dodging
 42425 | Slime:4  | Gained mutation: You are dopey. (Int -2) [a shining eye]
 42499 | Slime:4  | Gained mutation: You are very clumsy. (Dex -4) [a shining eye]
 42501 | Slime:4  | Gained mutation: Scrolls take you a little longer to read. [a shining eye]
 42502 | Slime:4  | Gained mutation: You sometimes yell uncontrollably at your foes. [a shining eye]
 42781 | Slime:4  | Lost mutation: Scrolls take you a little longer to read. [potion of mutation]
 42781 | Slime:4  | Lost mutation: You are very clumsy. (Dex -4) [potion of mutation]
 42781 | Slime:4  | Lost mutation: You are dopey. (Int -2) [potion of mutation]
 42781 | Slime:4  | Gained mutation: You are somewhat resistant to further mutation. [potion of mutation]
 42781 | Slime:4  | Gained mutation: You have very sharp teeth. [potion of mutation]
 42782 | Slime:4  | Gained mutation: You possess an exceptional clarity of mind. [a shining eye]
 42783 | Slime:4  | Lost mutation: Your system is resistant to poisons. (rPois) [a shining eye]
 42940 | Slime:4  | Gained mutation: Armour fits poorly on your strangely shaped body. [a shining eye]
 43518 | Slime:5  | Entered Level 5 of the Pits of Slime
 44029 | Slime:5  | Gained mutation: Scrolls take you a little longer to read. [a shining eye]
 44090 | Slime:5  | Found a viscous altar of Jiyva.
 44094 | Slime:5  | Noticed the Royal Jelly
 44104 | Slime:5  | Killed the Royal Jelly
 44135 | Slime:5  | Slain by an azure jelly

Vault maps used:
D:1:      lightli_iron_boxes
D:2:      grunt_dithmenos_smoke_and_mirrors, bloody_trog, uniq_natasha,
          uniq_terence, uniq_crazy_yiuf_cottage
D:3:      old_standard_altar, marbit_many_paths, minitemple, first_ration,
          minmay_misc_feat_encased
D:4:      minmay_temple_entry_nine_rooms, serial_shops, kennysheep_mini_moat,
          uniq_ijyb
D:5:      corexii_shack_village
D:6:      lemuel_doored_altar, sigmund_edmund_badplayer
D:7:      lemuel_round_altar, the_bakery, uniq_pikel
D:8:      david_lair_shrubbed, david_defended_altar_orc, uniq_joseph
D:10:     uniq_fannar
D:11:     david_orc_5, basic_altar, serial_shops, shop, uniq_urug
D:12:     kennysheep_generic_room_4, uniq_josephine
D:13:     david_vaults_2
D:14:     nooodl_glass_maze, nrook_mini_backslash, uniq_agnes
D:15:     grunt_enter_depths_hoard, basic_altar, kennysheep_two_boxes
Lair:1:   zaba_anthole, grunt_megastairs_3
Lair:2:   grunt_forest_stairs_basic, minmay_lair_oklob_items
Lair:3:   beast_lair_carwin_large_4, guppyfry_snake_entry_garden
Lair:4:   nicolae_swamp_entry_splash_gauntlet, uniq_nergalle
Lair:6:   wormcave, hangedman_lair_in_review, slime_altar_2, uniq_kirke,
          uniq_nessos
Swamp:1:  nicolae_swamp_godswood
Swamp:2:  hangedman_swamp_ruin_wall, swamp_pool3, nicolae_swamp_dense_foliage,
          uniq_donald
Swamp:3:  evilmike_swamp_ruin_rubble_1
Swamp:4:  swamp_basic_johnstein, infiniplex_staircase_pool, uniq_jorgrun,
          uniq_nikola, uniq_louise
Snake:1:  minmay_shop_star
Snake:2:  st_stairs_9, grunt_megastairs_4
Snake:3:  basic_altar, serial_shops, shop, shop, nicolae_shop_trees, shop,
          spider_trap, serial_bayou_shore_a, minmay_shop_grove
Snake:4:  johnstein_snake_rune_scales, nicolae_snake_squiggles
Slime:4:  cheibrodos_slime_lost_civilization_10
Orc:1:    basic_altar, uniq_maurice, uniq_erolcha
Orc:2:    st_orc_town
Vaults:1: v_misc_32, v_misc_14, st_lines, v_misc_16, vaults_room_fancy_cross,
          hangedman_vaults_capsules, vaults_room_door_ring,
          nicolae_vaults_shelves_hall, uniq_asterion
Vaults:2: v_pattern_2, nicolae_vaults_three_branches,
          nicolae_vaults_specimen_jars, vaults_room_stairs_pillars,
          hangedman_vaults_stagger, hangedman_vaults_locks,
          nicolae_vaults_angled_halls, v_misc_17, vaults_room_semicircle,
          hangedman_vaults_slice, hangedman_vaults_unwind,
          nicolae_vaults_asterisk, basic_altar
Vaults:3: nicolae_vaults_sealed_display, minmay_crypt_entry_necro_gods,
          hangedman_vaults_stream, serial_ice_m, nicolae_vaults_network_s,
          grunt_tower_of_power, v_rooms_1, hangedman_vaults_snaps,
          vaults_room_octagon, vaults_dpeg_cross, vaults_mumra_minichess,
          v_misc_17, vaults_dpeg_hooks, nicolae_vaults_circle_grid_b,
          ontoclasm_vaults_gateway, uniq_mara
Vaults:4: v_misc_8, ontoclasm_vaults_eye, hangedman_vaults_river_flow, v_misc_9,
          vaults_dpeg_ring, v_rooms_6, v_misc_29, st_cells

Skill      XL: |  1  2  3  4  5  6  7  8  9 10 11 12 13 14 15 16 17 18 19 20 21 22 23 |
---------------+----------------------------------------------------------------------+-----
Axes           | 3 4 5 7 8 10 11 14 17 19 20 | 20.0
Shields        | 5 9 11 13 15 16 | 16.6
Invocations    | 2 5 7 9 10 11 12 13 | 13.5
Dodging        | 1 4 5 7 8 9 10 11 12 13 14 15 | 15.6
Armour         | 4 6 8 9 10 11 12 13 15 16 17 18 | 18.3
Fighting       | 6 8 9 10 11 12 13 15 16 17 18 | 18.3

Action                   |  1- 3 |  4- 6 |  7- 9 | 10-12 | 13-15 | 16-18 | 19-21 | 22-24 || total
-------------------------+-------+-------+-------+-------+-------+-------+-------+-------++-------
Melee: War axe           |   104 |   126 |   348 |   641 |    66 |       |       |       ||  1285
       Broad axe         |       |       |       |       |   245 |       |       |       ||   245
       Battleaxe         |       |       |       |       |   601 |  1075 |  1243 |   643 ||  3562
       Bite              |       |       |       |       |       |       |       |    44 ||    44
Invok: Slouch            |       |       |       |     2 |    16 |     4 |    13 |    11 ||    46
       Step From Time    |       |       |       |       |       |       |     2 |       ||     2
       Temporal Distorti |       |       |       |       |       |       |     2 |       ||     2
 Abil: Shaft Self        |       |       |     1 |       |       |       |       |       ||     1
       Dig               |       |       |       |       |     3 |       |     1 |       ||     4
Evoke: Wand              |       |       |       |     2 |    16 |     5 |     7 |     1 ||    31
  Use: Scroll            |       |     7 |     6 |     7 |    13 |    10 |     9 |     2 ||    54
       Potion            |       |     1 |    10 |       |     2 |     6 |     6 |     4 ||    29
 Stab: Invisible         |       |       |     9 |       |       |       |       |       ||     9
       Confused          |       |       |       |       |       |     3 |       |       ||     3
       Distracted        |       |       |       |       |       |     1 |     1 |       ||     2
  Eat: Chunk             |       |     3 |     5 |     2 |    14 |     7 |     2 |     5 ||    38
       Ration            |       |     1 |       |     3 |     3 |     2 |     5 |     3 ||    17
Armor: Scale mail        |    48 |    48 |   118 |    45 |       |       |       |       ||   259
       Plate armour      |       |       |       |   123 |   241 |   245 |   197 |    76 ||   882
Dodge: Dodged            |    31 |    38 |   150 |   222 |   377 |   316 |   354 |   135 ||  1623
       Deflected         |       |       |       |     4 |    18 |    29 |    44 |    23 ||   118
Block: Shield            |    50 |    63 |   208 |   462 |   629 |    38 |       |       ||  1450
       Large shield      |       |       |       |       |       |   983 |  1263 |   531 ||  2777
       Reflection        |       |       |       |       |       |       |    39 |    50 ||    89

Table legend:
 A = Spawn XP
 B = Non-spawn XP
 C = Spawn XP percentage of total XP
 D = Spawn monster count
 E = Non-spawn monster count
 F = Spawn count percentage of total count
 G = Total turns spent on level
                    A         B        C        D         E        F      G
               +---------+---------+-------+---------+---------+-------+---------
         Total |       0 |  691008 |   0.0 |       0 |    1717 |   0.0 | 44135
               +---------+---------+-------+---------+---------+-------+---------
           D:1 |       0 |      60 |   0.0 |       0 |      30 |   0.0 |   747
           D:2 |       0 |     232 |   0.0 |       0 |      22 |   0.0 |   880
           D:3 |       0 |     204 |   0.0 |       0 |      15 |   0.0 |   970
           D:4 |       0 |     881 |   0.0 |       0 |      31 |   0.0 |  1196
           D:5 |       0 |    1177 |   0.0 |       0 |      35 |   0.0 |  1172
           D:6 |       0 |    2353 |   0.0 |       0 |      43 |   0.0 |   951
           D:7 |       0 |    1864 |   0.0 |       0 |      27 |   0.0 |  1347
           D:8 |       0 |    2232 |   0.0 |       0 |      12 |   0.0 |   991
           D:9 |       0 |    1632 |   0.0 |       0 |      28 |   0.0 |   998
          D:10 |       0 |    2624 |   0.0 |       0 |      29 |   0.0 |   735
          D:11 |       0 |    4736 |   0.0 |       0 |      50 |   0.0 |  1387
          D:12 |       0 |    9293 |   0.0 |       0 |      43 |   0.0 |  1055
          D:13 |       0 |    6505 |   0.0 |       0 |      20 |   0.0 |   813
          D:14 |       0 |   21192 |   0.0 |       0 |      67 |   0.0 |  1078
          D:15 |       0 |   15060 |   0.0 |       0 |      36 |   0.0 |   950
        Lair:1 |       0 |    6316 |   0.0 |       0 |      28 |   0.0 |  1322
        Lair:2 |       0 |    3235 |   0.0 |       0 |      13 |   0.0 |   941
        Lair:3 |       0 |    8315 |   0.0 |       0 |      41 |   0.0 |  1573
        Lair:4 |       0 |   11166 |   0.0 |       0 |      32 |   0.0 |  1529
        Lair:5 |       0 |    5264 |   0.0 |       0 |      19 |   0.0 |  1083
        Lair:6 |       0 |   29184 |   0.0 |       0 |      72 |   0.0 |  2242
       Swamp:1 |       0 |   12723 |   0.0 |       0 |      28 |   0.0 |   936
       Swamp:2 |       0 |   10458 |   0.0 |       0 |      26 |   0.0 |   795
       Swamp:3 |       0 |    7135 |   0.0 |       0 |      15 |   0.0 |  1152
       Swamp:4 |       0 |   43761 |   0.0 |       0 |      68 |   0.0 |  1255
       Snake:1 |       0 |    7264 |   0.0 |       0 |      11 |   0.0 |   789
       Snake:2 |       0 |   32568 |   0.0 |       0 |      60 |   0.0 |  1293
       Snake:3 |       0 |    7859 |   0.0 |       0 |      19 |   0.0 |  1084
       Snake:4 |       0 |   74000 |   0.0 |       0 |     125 |   0.0 |  1702
       Slime:1 |       0 |    1082 |   0.0 |       0 |       4 |   0.0 |   208
       Slime:2 |       0 |   16141 |   0.0 |       0 |      31 |   0.0 |   381
       Slime:3 |       0 |   18602 |   0.0 |       0 |      32 |   0.0 |   746
       Slime:4 |       0 |   26265 |   0.0 |       0 |      48 |   0.0 |  1105
       Slime:5 |       0 |   44118 |   0.0 |       0 |      40 |   0.0 |   617
         Orc:1 |       0 |    6988 |   0.0 |       0 |      57 |   0.0 |   545
         Orc:2 |       0 |    7794 |   0.0 |       0 |      78 |   0.0 |  1217
      Vaults:1 |       0 |   60305 |   0.0 |       0 |      90 |   0.0 |  1565
      Vaults:2 |       0 |   35504 |   0.0 |       0 |      62 |   0.0 |  1160
      Vaults:3 |       0 |   71676 |   0.0 |       0 |     119 |   0.0 |  2009
      Vaults:4 |       0 |   73240 |   0.0 |       0 |     111 |   0.0 |  1616
               +---------+---------+-------+---------+---------+-------+---------
